 Dungeon Crawl Stone Soup version 0.21.1-1-g345015f (webtiles) character file.

27008 Mirai the Thaumaturge (level 13, -5/64 HPs)
             Began as a Deep Elf Conjurer on Mar 30, 2018.
             Was an Elder of Vehumet.
             Slain by a hog (13 damage)
             ... led by Kirke
             ... on level 5 of the Lair of Beasts.
             The game lasted 01:01:46 (15560 turns).

Mirai the Thaumaturge (Deep Elf Conjurer)          Turns: 15560, Time: 01:01:57

Health: -5/64      AC:  9    Str:  5    XL:     13   Next: 2%
Magic:  5/33       EV: 13    Int: 26    God:    Vehumet [****..]
Gold:   724        SH: 13    Dex: 15    Spells: 15/40 levels left

rFire    + . .     SeeInvis .   J - staff of fire
rCold    . . .     Gourm    .   u - +1 buckler
rNeg     . . .     Faith    .   x - +1 robe {Archmagi}
rPois    +         Spirit   .   (no helmet)
rElec    .         Reflect  +   (no cloak)
rCorr    +         Harm     .   L - +0 pair of gloves
MR       +....                  (no boots)
Stlth    ++........             n - +3 amulet of reflection
HPRegen  0.20/turn              w - +4 ring of protection
MPRegen  0.23/turn              r - ring of resist corrosion

@: lethally poisoned (-5 -> -11)
A: large bone plates 1, rugged brown scales 1, poison resistance, screaming 1
a: Renounce Religion


You were on level 5 of the Lair of Beasts.
You worshipped Vehumet.
Vehumet was greatly pleased with you.
You were not hungry.

You visited 2 branches of the dungeon, and saw 13 of its levels.
You also visited: Labyrinth and Ice Cave.

You collected 912 gold pieces.
You spent 188 gold pieces at shops.

Inventory:

Hand Weapons
 z - the cursed +1 mace "Litilewo" {flame, rC+ Int-5 Dex+6 SInv}
   (You found it in a labyrinth)

   It has been specially enchanted to burn those struck by it, causing extra
   injury to most foes and up to half again as much damage against particularly
   susceptible opponents.
   It affects your intelligence (-5).
   It affects your dexterity (+6).
   It protects you from cold.
   It lets you see invisible.
   It has a curse placed upon it.
 U - the +9 hunting sling "Qiog Beist" {venom, rF+, unknown}
   (You found it on level 5 of the Lair of Beasts)

   It poisons the ammo it fires.
   It protects you from fire.
Armour
 a - a +3 troll leather armour {Snorg}
 u - a +1 buckler (worn)
 x - a +1 robe of the Archmagi (worn)
 G - the +1 leather armour "Qitwub" {*Slow rPois Dex-3 Stlth+, unknown}
   (You found it in a labyrinth)

   It affects your dexterity (-3).
   It protects you from poison.
   It may slow you when you take damage.
   It makes you more stealthy.
 L - a +0 pair of gloves (worn)
 R - a +0 pair of gloves
Magical Staves
 J - an uncursed staff of fire (weapon)
Jewellery
 n - a +3 amulet of reflection (around neck)
 q - an uncursed amulet of the gourmand
 r - a ring of resist corrosion (right hand)
 w - a +4 ring of protection (left hand)
Wands
 A - a wand of acid (30)
 B - a wand of flame (70)
 C - a wand of clouds (14)
 N - a wand of iceblast (11)
 O - a wand of enslavement (10)
 P - a wand of random effects (59)
Scrolls
 d - 8 scrolls of identify
 e - 4 scrolls of fog
 f - a scroll of enchant weapon
 i - 11 scrolls of remove curse
 k - 3 scrolls of enchant armour
 m - a scroll of teleportation
 v - 2 scrolls of amnesia
 E - a scroll of magic mapping
 F - 2 scrolls of fear
 M - a scroll of blinking
Potions
 g - 2 potions of invisibility
 j - a potion of brilliance
 l - 3 potions of mutation
 o - 3 potions of agility
 p - 2 potions of haste
 s - 3 potions of resistance
 t - 4 potions of curing
 H - 2 potions of lignification
 Q - a potion of flight {unknown}
 T - a potion of might
Books
 b - a book of Conjurations

   Spells                             Type                      Level
   a - Magic Dart                     Conjuration                  1
   b - Searing Ray                    Conjuration                  2
   c - Dazzling Spray                 Conjuration/Hexes            3
   d - Fulminant Prism                Conjuration/Hexes            4
   e - Force Lance                    Conjuration/Translocation    4
   f - Iskenderun's Mystic Blast      Conjuration                  4
 h - a book of Frost

   Spells                             Type                      Level
   a - Freeze                         Ice                          1
   b - Throw Frost                    Conjuration/Ice              2
   c - Ozocubu's Armour               Charms/Ice                   3
   d - Throw Icicle                   Conjuration/Ice              4
   e - Summon Ice Beast               Ice/Summoning                4
 y - a book of Enchantments

   Spells                             Type                      Level
   a - Cause Fear                     Hexes                        4
   b - Yara's Violent Unravelling     Hexes/Transmutation          5
   c - Silence                        Hexes/Air                    5
   d - Deflect Missiles               Charms/Air                   6
   e - Discord                        Hexes                        8
 D - a book of Spatial Translocations

   Spells                             Type                      Level
   a - Blink                          Translocation                2
   b - Shroud of Golubria             Charms/Translocation         2
   c - Lesser Beckoning               Translocation                3
   d - Gell's Gravitas                Translocation                3
   e - Teleport Other                 Translocation                3
   f - Passage of Golubria            Translocation                4
 I - a book of Party Tricks

   Spells                             Type                      Level
   a - Summon Butterflies             Summoning                    1
   b - Apportation                    Translocation                1
   c - Lesser Beckoning               Translocation                3
   d - Tukima's Dance                 Hexes                        3
   e - Alistair's Intoxication        Transmutation/Poison         5
   f - Invisibility                   Hexes                        6
Comestibles
 c - 17 rations
 S - 10 chunks of flesh


   Skills:
 - Level 2.4 Dodging
 - Level 2.4 Stealth
 - Level 3.0 Shields
 + Level 14.4 Spellcasting
 + Level 11.3 Conjurations
 * Level 11.5 Hexes
 * Level 12.3 Fire Magic
 + Level 7.4 Evocations


You had 15 spell levels left.
You knew the following spells:

 Your Spells              Type           Power        Failure   Level  Hunger
a - Magic Dart            Conj           ####         1%          1    None
b - Searing Ray           Conj           ######       1%          2    None
c - Iskenderun's Mystic   Conj           #######.     1%          4    None
d - Fulminant Prism       Conj/Hex       #######...   1%          4    None
e - Throw Icicle          Conj/Ice       ######..     1%          4    None
f - Throw Flame           Conj/Fire      ######       1%          2    None
g - Mephitic Cloud        Conj/Pois/Air  ######..     1%          3    None
h - Tukima's Dance        Hex            #######.     1%          3    None
i - Blink                 Tloc           N/A          4%          2    None


Dungeon Overview and Level Annotations

Branches:
Dungeon (8/15)             Temple (0/1) D:6            Lair (5/6) D:8
 Shoals (0/4) Lair:3        Snake (0/4) Lair:3        Slime (0/5) Lair:5

Altars:
Fedhas
Gozag
Hepliaklqana
Kikubaaqudgha
Makhleb
Nemelex Xobeh
Okawaru
Qazlal
Ru
Uskayaw
Vehumet
Yredelemnul
Zin
The Shining One
Jiyva

Shops:
D:6 =

Annotations:
Lair:5 Kirke


Innate Abilities, Weirdness & Mutations

You are partially covered in large bone plates. (SH +4)
You are partially covered in rugged brown scales. (AC +1, +3% HP)
Your system is resistant to poisons. (rPois)
You occasionally shout uncontrollably at your foes.


Message History

Unknown command.
Casting: Iskenderun's Mystic Blast
Confirm with . or Enter, or press ? or * to list all spells.
Aiming: Iskenderun's Mystic Blast
Press: ? - help, Shift-Dir - straight line, f/p - Kirke
Aim: Kirke (heavily wounded)
You feel a surge of power!
The orb of energy hits Kirke.
Kirke is severely wounded.
The hog closely misses you. The spiny frog stings you!
You are poisoned.
The spiny frog poisons you! Kirke gestures at you while chanting.
You feel yourself slow down.
Your magical effects are unravelling.
You feel magically purged.
You feel yourself speed up.
You feel sick. You block the hog's attack. The spiny frog stings you!!
* * * LOW HITPOINT WARNING * * *
The hog bites you!
You die...

##...## ##....# #....###
#....#. # #......####
##..### #.
#......##.#####..).#
.#.#......#...#...#...##
......................##
.............##........#
......h....#######(.....
...†.hF@#.## #.#.....
......@h### ##......
.......## ##....#
....... #..... .......
#..... ....... P....#
....... ......# .......
......##


You could see Kirke, a spiny frog and 3 hogs.

Vanquished Creatures
  Snorg (Lair:4)
  A minotaur (Lab)
  A catoblepas (Lair:5)
  Urug (Lair:4)
  11 elephants
  2 merfolk sirens (Lair:3)
  3 black mambas
  6 spiny frogs
  A torpor snail (Lair:3)
  3 rime drakes
  5 komodo dragons
  2 merfolk (Lair:3)
  A polar bear (Lair:4)
  4 hippogriffs
  13 blink frogs
  2 redbacks (Lab)
  2 wyverns (Lair:4)
  20 yaks
  Sigmund (D:2)
  3 basilisks
  3 hogs (Lair:5)
  4 hungry ghosts (Lab)
  A death yak simulacrum (IceCv)
  Edmund (D:6)
  2 nagas (Lair:3)
  4 water moccasins
  12 porcupines
  5 ice beasts (IceCv)
  An orc warrior (D:8)
  A sky beast (D:6)
  5 ogres
  5 centaurs
  4 wolves (Lair:5)
  8 crocodiles
  12 bullfrogs
  2 scorpions (D:6)
  A water moccasin zombie (D:5)
  3 crimson imps
  A hound (D:6)
  A jelly (D:5)
  4 orc priests
  5 orc wizards
  A centaur skeleton (D:8)
  3 polar bear simulacra (IceCv)
  4 worker ants
  2 hound zombies
  A hound skeleton (D:7)
  A worker ant zombie (D:7)
  2 gnolls (D:4)
  A howler monkey skeleton (D:5)
  5 adders
  A shadow imp (D:7)
  5 white imps (IceCv)
  2 adder skeletons
  3 worms (D:2)
  4 leopard geckos
  10 orcs
  A ball python (D:1)
  7 giant cockroaches
  7 hobgoblins
  10 jackals
  11 kobolds
  3 quokkas
  3 bats
  2 leopard gecko skeletons
  A leopard gecko zombie (D:8)
  2 rats (D:2)
  3 fungi
263 creatures vanquished.

Vanquished Creatures (others)
  20 fulminant prisms
  5 fungi
  3 plants
28 creatures vanquished.

Grand Total: 291 creatures vanquished

Notes
Turn   | Place    | Note
-------+----------+-------------------------------------------
     0 | D:1      | Mirai the Deep Elf Conjurer began the quest for the Orb.
     0 | D:1      | Reached XP level 1. HP: 10/10 MP: 6/6
     1 | D:1      | Noticed an electric eel
   370 | D:1      | Reached skill level 4 in Spellcasting
   370 | D:1      | Reached XP level 2. HP: 15/15 MP: 7/9
   398 | D:1      | Learned a level 2 spell: Searing Ray
   898 | D:2      | Reached XP level 3. HP: 18/19 MP: 3/11
   902 | D:2      | Reached skill level 5 in Spellcasting
  1203 | D:2      | Reached skill level 6 in Spellcasting
  1203 | D:2      | Reached XP level 4. HP: 16/24 MP: 7/14
  1619 | D:2      | Noticed Sigmund
  1645 | D:2      | HP: 1/24 [something (3)]
  1646 | D:2      | Killed Sigmund
  1646 | D:2      | Reached skill level 8 in Spellcasting
  1646 | D:2      | Reached XP level 5. HP: 1/28 MP: 7/17
  2304 | D:3      | You fall through a shaft!
  2372 | D:4      | Found a stormy altar of Qazlal.
  2480 | D:4      | Found a blossoming altar of Fedhas.
  2480 | D:4      | Found a glowing silver altar of Zin.
  2488 | D:4      | Found an opulent altar of Gozag.
  2488 | D:4      | Found a hide-covered altar of Uskayaw.
  2488 | D:4      | Found a radiant altar of Vehumet.
  2488 | D:4      | Found a sparkling altar of Nemelex Xobeh.
  2490 | D:4      | Found an ancient bone altar of Kikubaaqudgha.
  2496 | D:4      | Became a worshipper of Vehumet
  2642 | D:4      | Reached XP level 6. HP: 8/32 MP: 7/19
  2655 | D:4      | Learned a level 4 spell: Iskenderun's Mystic Blast
  2660 | D:4      | Learned a level 4 spell: Fulminant Prism
  2743 | D:4      | Found an iron altar of Okawaru.
  2815 | D:4      | Found a burning altar of Makhleb.
  3074 | D:5      | Entered Level 5 of the Dungeon
  3257 | D:5      | Reached skill level 1 in Hexes
  3425 | D:5      | Reached skill level 9 in Spellcasting
  3425 | D:5      | Reached skill level 5 in Conjurations
  3434 | D:5      | Reached XP level 7. HP: 36/36 MP: 9/21
  4584 | D:5      | Gained mutation: You are partially covered in rugged brown scales. (AC +1, +3% HP) [potion of mutation]
  4584 | D:5      | Gained mutation: Your system is resistant to poisons. (rPois) [potion of mutation]
  4584 | D:5      | Gained mutation: You occasionally shout uncontrollably at your foes. [potion of mutation]
  4584 | D:5      | Gained mutation: You are partially covered in large bone plates. (SH +4) [potion of mutation]
  4645 | D:6      | Found a staircase to the Ecumenical Temple.
  4748 | D:6      | Noticed Edmund
  4765 | D:6      | Killed Edmund
  4788 | D:6      | Reached skill level 1 in Shields
  4869 | D:6      | Found Uta Ydoe's Jewellery Boutique.
  4873 | D:6      | Bought a +3 amulet of reflection for 188 gold pieces
  4938 | D:6      | Reached XP level 8. HP: 40/42 MP: 15/23
  4975 | D:6      | Reached * piety under Vehumet
  4975 | D:6      | Offered knowledge of Sting by Vehumet.
  5023 | D:6      | Reached skill level 10 in Spellcasting
  5023 | D:6      | Reached skill level 5 in Hexes
  5623 | D:7      | Reached skill level 1 in Evocations
  5744 | D:7      | Learned a level 4 spell: Throw Icicle
  5936 | D:7      | Found a sacrificial altar of Ru.
  6396 | D:8      | Found a basalt altar of Yredelemnul.
  6445 | D:8      | Found a staircase to the Lair.
  6502 | D:8      | Offered knowledge of Throw Flame by Vehumet.
  6513 | D:8      | Learned a level 2 spell: Throw Flame
  6583 | D:8      | Found a glowing golden altar of the Shining One.
  6604 | D:8      | Reached ** piety under Vehumet
  6605 | D:8      | Reached skill level 1 in Fire Magic
  6613 | D:8      | Reached XP level 9. HP: 19/46 MP: 5/25
  6789 | D:8      | Found a hazy altar of Hepliaklqana.
  7032 | Lair:1   | Entered Level 1 of the Lair of Beasts
  7042 | Lair:1   | Found a frozen archway.
  7042 | Lair:1   | Noticed a rime drake
  7042 | Lair:1   | Noticed a rime drake
  7044 | Lair:1   | Killed a rime drake
  7044 | Lair:1   | Reached skill level 11 in Spellcasting
  7045 | Lair:1   | Killed a rime drake
  7064 | IceCv    | Entered an ice cave
  7293 | IceCv    | Reached skill level 5 in Fire Magic
  7372 | IceCv    | Noticed a freezing wraith
  7372 | IceCv    | Noticed a freezing wraith
  7707 | Lair:1   | Reached skill level 5 in Evocations
  7877 | Lair:1   | Reached XP level 10. HP: 51/51 MP: 8/27
  7877 | Lair:1   | Offered knowledge of Mephitic Cloud by Vehumet.
  8010 | Lair:1   | Learned a level 3 spell: Mephitic Cloud
  8244 | Lair:1   | Reached skill level 12 in Spellcasting
  8291 | Lair:1   | Noticed a black mamba
  8295 | Lair:1   | Killed a black mamba
  8506 | Lair:2   | Reached *** piety under Vehumet
  8769 | Lair:2   | Got a brightly glowing scale mail
  8809 | Lair:2   | Noticed a spiny frog
  8817 | Lair:2   | Killed a spiny frog
  9235 | Lair:2   | Noticed a spiny frog
  9261 | Lair:2   | Killed a spiny frog
  9283 | Lair:2   | Learned a level 3 spell: Tukima's Dance
  9426 | Lair:2   | Found a glowing golden altar of the Shining One.
  9429 | Lair:2   | Reached XP level 11. HP: 55/55 MP: 26/29
  9538 | Lair:2   | Identified the cursed +1 scale mail of Weightlessness {rPois Int+5 Dex-5 Stlth+} (You found it on level 2 of the Lair of Beasts)
  9673 | Lair:3   | Reached skill level 13 in Spellcasting
  9817 | Lair:3   | Found a labyrinth entrance.
  9831 | Lair:3   | Offered knowledge of Inner Flame by Vehumet.
  9852 | Lab      | Entered a labyrinth
 10150 | Lab      | Reached skill level 10 in Conjurations
 10389 | Lab      | Noticed a minotaur
 10394 | Lab      | Killed a minotaur
 10394 | Lab      | Reached skill level 10 in Fire Magic
 10434 | Lab      | Got a warped mace
 10434 | Lab      | Got a steaming leather armour
 10808 | Lair:3   | Identified the cursed +1 mace "Litilewo" {flame, rC+ Int-5 Dex+6 SInv} (You found it in a labyrinth)
 10953 | Lair:3   | Learned a level 2 spell: Blink
 11460 | Lair:3   | Found a staircase to the Shoals.
 11777 | Lair:3   | Found a staircase to the Snake Pit.
 11876 | Lair:3   | Reached XP level 12. HP: 54/60 MP: 6/31
 12440 | Lair:4   | Noticed Urug
 12691 | Lair:4   | Killed Urug
 12853 | Lair:4   | Noticed Snorg
 12862 | Lair:4   | Killed Snorg
 13277 | Lair:4   | Reached skill level 14 in Spellcasting
 13277 | Lair:4   | Reached skill level 10 in Hexes
 13482 | Lair:4   | Reached **** piety under Vehumet
 14177 | Lair:4   | Offered knowledge of Conjure Flame by Vehumet.
 14748 | Lair:5   | Noticed a catoblepas
 14752 | Lair:5   | Killed a catoblepas
 15418 | Lair:5   | Found a viscous altar of Jiyva.
 15422 | Lair:5   | Found a staircase to the Slime Pits.
 15520 | Lair:5   | Got a brightly glowing hunting sling
 15553 | Lair:5   | Noticed Kirke
 15553 | Lair:5   | Reached XP level 13. HP: 64/64 MP: 24/33
 15560 | Lair:5   | Slain by a hog

Skill      XL: |  1  2  3  4  5  6  7  8  9 10 11 12 |
---------------+-------------------------------------+-----
Spellcasting   | 4 6 8 9 10 11 12 13 14 | 14.4
Hexes          | 2 4 5 9 11 | 11.5
Conjurations   | 5 6 7 8 9 10 11 | 11.3
Shields        | 1 3 |  3.0
Evocations     | 3 5 6 7 |  7.4
Fire Magic     | 1 6 9 11 12 | 12.3
Dodging        | |  2.4
Stealth        | |  2.4

Action                   |  1- 3 |  4- 6 |  7- 9 | 10-12 | 13-15 || total
-------------------------+-------+-------+-------+-------+-------++-------
Melee: Short sword       |     2 |       |       |       |       ||     2
       Dagger            |     2 |     3 |       |       |       ||     5
       Staff             |       |       |    38 |    63 |       ||   101
 Cast: Magic Dart        |    37 |    46 |    50 |    19 |       ||   152
       Searing Ray       |     3 |    20 |    40 |    38 |       ||   101
       Iskenderun's Myst |       |     1 |    29 |   188 |     6 ||   224
       Throw Flame       |       |       |    28 |    21 |       ||    49
       Fulminant Prism   |       |       |     5 |    15 |       ||    20
       Mephitic Cloud    |       |       |       |     9 |       ||     9
       Throw Icicle      |       |       |       |    14 |     1 ||    15
Evoke: Wand              |       |       |       |     6 |       ||     6
  Use: Potion            |       |     2 |     9 |     6 |     1 ||    18
       Scroll            |       |     5 |     9 |    11 |       ||    25
  Eat: Chunk             |     1 |    21 |     3 |    12 |       ||    37
       Ration            |       |       |     1 |     4 |       ||     5
Armor: Robe              |     2 |     4 |    42 |    45 |       ||    93
Dodge: Dodged            |     6 |    32 |    65 |    96 |     2 ||   201
Block: Buckler           |       |     2 |    86 |   146 |     3 ||   237
       Reflection        |       |       |     2 |     9 |       ||    11
